 Dungeon Crawl Stone Soup version 0.22.0-38-g04b72b8c25 (webtiles) character file.

62556 Anaz the Zephyrmancer (level 14, 0/115 HPs)
             Began as a Demigod Air Elementalist on Aug 28, 2018.
             Blown up by an orb spider (17 damage)
             ... with a wavering orb of destruction
             ... on level 1 of the Spider Nest.
             The game lasted 03:25:02 (34273 turns).

Anaz the Zephyrmancer (Demigod Air Elementalist)   Turns: 34273, Time: 03:25:02

Health: 0/115      AC: 13    Str: 11    XL:     14   Next: 27%
Magic:  11/24      EV: 23    Int: 27    God:
Gold:   1858       SH:  6    Dex: 16    Spells: 2/21 levels left

rFire    . . .     SeeInvis +   N - +1 whip (elec)
rCold    + + .     Gourm    .   (no shield)
rNeg     . . .     Faith    .   L - +1 leather armour "Ocvipo" {rC++}
rPois    +         Spirit   .   F - +2 helmet {SInv}
rElec    +         Reflect  +   w - +1 cloak
rCorr    .         Harm     .   G - +1 pair of gloves
MR       +....                  T - +1 pair of boots of the Iron Devil {rElec}
Stlth    ++++......             b - +6 amulet of reflection
HPRegen  0.29/turn              o - +3 ring of evasion
MPRegen  0.19/turn              H - ring of poison resistance

@: no status effects
A: high mp 1
a: no special abilities


You were on level 1 of the Spider Nest.
You were hungry.

You visited 5 branches of the dungeon, and saw 22 of its levels.

You collected 1858 gold pieces.

Inventory:

Hand Weapons
 z - a +1 demon trident of pain
 N - a +1 whip of electrocution (weapon)
Armour
 w - a +1 cloak (worn)
 F - a +2 helmet of see invisible (worn)
 G - a +1 pair of gloves (worn)
 L - the +1 leather armour "Ocvipo" (worn) {rC++}
   (You found it on level 6 of the Dungeon)

   It greatly protects you from cold.
 T - the +1 pair of boots of the Iron Devil (worn) {rElec}
   (You found it on level 6 of the Lair of Beasts)

   It insulates you from electricity.
Jewellery
 b - a +6 amulet of reflection (around neck)
 l - an uncursed ring of resist corrosion
 o - a +3 ring of evasion (left hand)
 H - a ring of poison resistance (right hand)
 O - an uncursed ring of protection from fire
 Q - an uncursed ring of protection from cold
Wands
 s - a wand of iceblast (25)
Scrolls
 d - 4 scrolls of fear
 i - 10 scrolls of teleportation
 k - a scroll of summoning {unknown}
 n - 3 scrolls of identify
 p - 2 scrolls of brand weapon {unknown}
 q - 4 scrolls of remove curse
 r - 3 scrolls of blinking
 t - 3 scrolls of magic mapping
 y - 3 scrolls of enchant weapon {unknown}
 A - 3 scrolls of fog {unknown}
 E - a scroll of torment {unknown}
 J - 3 scrolls of random uselessness {unknown}
 P - a scroll of enchant armour {unknown}
 S - a scroll of acquirement {unknown}
Potions
 f - 3 potions of invisibility {unknown}
 g - 4 potions of haste
 h - a potion of brilliance {unknown}
 j - 3 potions of might
 m - 10 potions of curing
 u - 3 potions of mutation {unknown}
 v - 4 potions of agility
 B - 2 potions of resistance {unknown}
 K - 4 potions of heal wounds
 M - a potion of cancellation {unknown}
Miscellaneous
 e - a crystal ball of energy
Comestibles
 c - 18 rations


   Skills:
 - Level 8.2 Fighting
 - Level 12.0 Dodging
 - Level 8.1 Stealth
 - Level 4.3 Spellcasting
 + Level 11.8 Conjurations
 + Level 13.0 Air Magic


You had 2 spell levels left.
You knew the following spells:

 Your Spells              Type           Power        Failure   Level  Hunger
a - Shock                 Conj/Air       ####         1%          1    None
b - Swiftness             Chrm/Air       #####...     1%          2    None
c - Static Discharge      Conj/Air       ######..     1%          3    ##.....
d - Airstrike             Air            ######....   1%          4    ####...
e - Lightning Bolt        Conj/Air       ######....   1%          5    #####..
f - Summon Lightning Spi  Summ/Air       #####...     7%          4    ####...

Your spell library contained the following spells:

 Spells                   Type           Power        Failure   Level  Hunger
 Summon Small Mammal      Summ           #...         11%         1    None
 Call Imp                 Summ           #.......     16%         2    None
 Call Canine Familiar     Summ           #.......     30%         3    ##.....
 Recall                   Summ/Tloc      N/A          30%         3    ##.....
 Summon Guardian Golem    Hex/Summ       #.......     30%         3    ##.....
 Summon Ice Beast         Ice/Summ       #.......     71%         4    ####...
 Aura of Abjuration       Summ           #.........   96%         5    #####..
 Summon Demon             Summ           #.........   96%         5    #####..
 Summon Forest            Summ/Tloc      #.........   96%         5    #####..
 Summon Mana Viper        Hex/Summ       #.......     96%         5    #####..
 Shadow Creatures         Summ           N/A          100%        6    #######


Dungeon Overview and Level Annotations

Branches:
Dungeon (11/15)            Temple (0/1) D:5            Lair (6/6) D:10
  Swamp (0/4) Lair:3       Spider (2/4) Lair:2        Slime (0/5) Lair:6
    Orc (2/2) D:9             Elf (1/3) Orc:2

Shops:
D:9 [(   Orc:2 }}([

Annotations:
D:2 exclusion: downstairs
D:3 exclusion: downstairs
D:7 1 runed door, loom's ghost, novice GrFE
Lair:3 3 runed doors, Erymatos's ghost, journeyman MiBe
Lair:4 exclusion: oklob plant
Lair:5 exclusion: downstairs
Spider:1 exclusion: downstairs


Innate Abilities, Weirdness & Mutations

You have an increased reservoir of magic. (+10% MP)


Message History

The orb spider is heavily wounded.
The orb spider weaves a glowing orb of energy.
An orb of destruction comes into view.
The orb of destruction hits you!
* * * LOW HITPOINT WARNING * * *
You see here 19 stones.
You see here a redback corpse.
A redback comes into view.
You hit the orb spider but do no damage.
The orb spider is heavily wounded.
You hit the orb spider but do no damage.
The orb spider is heavily wounded.
The orb spider begins to weave its threads into a brightly glowing ball.
You closely miss the orb spider.
The orb spider is heavily wounded.
You hit the orb spider but do no damage.
The orb spider is heavily wounded.
The orb spider weaves a glowing orb of energy.
The wavering orb of destruction weakly hits you!
You die...

#####...(#..# ##..##.##
#.#####.†..# ##....###
#.....(....# #...###.#
#..(......#####.......#
####....^...##...#<...#
#.........#...###.##
###.###.#......#### ###
####....## #s@#.#
##.### ###


You could see an orb spider.

Vanquished Creatures
  An orc warlord (Orc:2)
  2 emperor scorpions (Spider:1)
  An entropy weaver (Spider:1)
  Snorg (Lair:5)
  Josephine (D:10)
  7 hydras
  4 catoblepae
  11 death yaks
  Urug (Orc:2)
  Pikel (D:4)
  2 orc knights (Orc:2)
  2 manticores (Lair:6)
  A deep elf mage (Orc:2)
  A moth of wrath (Spider:1)
  3 orc sorcerers (Orc:2)
  21 elephants
  2 black mambas
  A torpor snail (Lair:6)
  9 spiny frogs
  7 komodo dragons
  A rime drake (Lair:5)
  3 trolls
  A polar bear (Lair:3)
  8 jumping spiders
  2 hornets
  13 blink frogs
  8 hippogriffs
  7 redbacks
  2 tarantellas (Spider:1)
  26 yaks
  5 wraiths
  A basilisk (Lair:3)
  A hungry ghost (D:7)
  13 water moccasins
  2 wargs
  7 porcupines
  An ice beast (D:5)
  A sky beast (D:8)
  2 black bears
  29 orc warriors
  A necrophage (D:8)
  2 slaves (D:4)
  6 ogres
  2 centaurs
  11 crocodiles
  A big kobold (D:6)
  Blork the orc (D:6)
  15 bullfrogs
  An earth elemental (Orc:2)
  4 scorpions
  15 killer bees
  6 wights
  7 howler monkeys
  2 electric eels
  A bullfrog zombie (D:9)
  4 crimson imps
  A centaur zombie (D:8)
  6 jellies
  6 hounds
  20 orc priests
  A bullfrog skeleton (D:8)
  Crazy Yiuf (D:3)
  A centaur skeleton (D:6)
  2 gnoll shamans
  3 iguanas
  Ijyb (D:3)
  Natasha (thrice) (D:3)
  30 orc wizards
  7 worker ants
  2 mummies
  Robin (D:4)
  A howler monkey zombie (D:8)
  A worker ant zombie (D:8)
  18 gnolls
  13 adders
  2 shadow imps
  4 oozes
  An adder skeleton (D:4)
  An adder zombie (D:8)
  3 worms (D:2)
  6 leopard geckos
  92 orcs
  A ball python (D:1)
  6 bats
  5 giant cockroaches
  16 goblins
  12 hobgoblins
  18 jackals
  7 kobolds
  6 quokkas
  7 frilled lizards
  A jackal skeleton (D:4)
  A quokka skeleton (D:7)
  A quokka zombie (D:6)
  21 rats
  A fungus (Lair:2)
621 creatures vanquished.

Vanquished Creatures (others)
  A slave (D:4)
  An orc (Orc:2)
  22 fungi
  16 plants
40 creatures vanquished.

Grand Total: 661 creatures vanquished

Notes
Turn   | Place    | Note
-------+----------+-------------------------------------------
     0 | D:1      | Anaz the Demigod Air Elementalist began the quest for the Orb.
     0 | D:1      | Reached XP level 1. HP: 14/14 MP: 5/5
    78 | D:1      | Reached skill level 3 in Air Magic
   425 | D:1      | Reached XP level 2. HP: 20/20 MP: 7/7
   429 | D:1      | Learned a level 2 spell: Swiftness
  1204 | D:1      | Reached XP level 3. HP: 11/26 MP: 6/8
  1448 | D:1      | Reached skill level 1 in Conjurations
  2252 | D:2      | Learned a level 3 spell: Static Discharge
  2303 | D:2      | Reached XP level 4. HP: 33/33 MP: 5/9
  3240 | D:3      | Noticed Natasha
  3254 | D:3      | Killed Natasha
  3258 | D:3      | HP: 2/49 [poisoned by an adder]
  3261 | D:3      | Reached XP level 5. HP: 21/38 MP: 3/11
  3275 | D:3      | Noticed Natasha
  3546 | D:3      | Killed Natasha
  3802 | D:3      | Noticed Natasha
  3815 | D:3      | Killed Natasha
  3894 | D:3      | Noticed Ijyb
  3911 | D:3      | Killed Ijyb
  3961 | D:3      | Found a runed door.
  4362 | D:4      | Noticed Robin
  4465 | D:3      | Reached skill level 4 in Air Magic
  4465 | D:3      | Reached XP level 6. HP: 40/45 MP: 0/13
  4471 | D:3      | Learned a level 4 spell: Airstrike
  4806 | D:3      | Noticed Crazy Yiuf
  4817 | D:3      | Killed Crazy Yiuf
  5311 | D:4      | Killed Robin
  5518 | D:4      | Found a burning altar of Makhleb.
  5518 | D:4      | Found a shattered altar of Ashenzari.
  5520 | D:4      | Found an ancient bone altar of Kikubaaqudgha.
  5520 | D:4      | Found a shadowy altar of Dithmenos.
  5522 | D:4      | Found an iron altar of Okawaru.
  5522 | D:4      | Found a sparkling altar of Nemelex Xobeh.
  5801 | D:4      | Noticed Pikel
  5881 | D:4      | Killed Pikel
  5881 | D:4      | Reached skill level 5 in Air Magic
  5881 | D:4      | Reached XP level 7. HP: 14/50 MP: 0/16
  6411 | D:5      | Entered Level 5 of the Dungeon
  6540 | D:5      | Found a staircase to the Ecumenical Temple.
  6580 | D:5      | Reached XP level 8. HP: 57/57 MP: 10/17
  7538 | D:5      | Reached skill level 6 in Air Magic
  7548 | D:5      | Learned a level 5 spell: Lightning Bolt
  7746 | D:6      | Noticed Blork the orc
  7910 | D:6      | Killed Blork the orc
  7910 | D:6      | Reached skill level 5 in Conjurations
  8331 | D:6      | Got a brightly glowing leather armour
  8342 | D:6      | Identified the +1 leather armour "Ocvipo" {rC++} (You found it on level 6 of the Dungeon)
  8473 | D:7      | Noticed a hippogriff
  8946 | D:6      | Reached skill level 7 in Air Magic
  9097 | D:7      | Reached XP level 9. HP: 61/62 MP: 13/19
  9131 | D:7      | Found a runed door.
  9141 | D:7      | Noticed loom's ghost (novice GrFE)
  9503 | D:7      | Got a translucent spear
  9519 | D:6      | Identified the +5 spear of the Original Sin {antimagic, *Slow rC++ Int+5} (You found it on level 7 of the Dungeon)
  9620 | D:7      | Reached skill level 8 in Air Magic
  9726 | D:7      | Found an ornate altar of the Wu Jian Council.
 10691 | D:8      | Found a snail-covered altar of Cheibriados.
 10715 | D:8      | Reached skill level 9 in Air Magic
 11199 | D:8      | Reached XP level 10. HP: 69/69 MP: 10/20
 11747 | D:10     | Entered Level 10 of the Dungeon
 11762 | D:10     | Noticed Josephine
 12035 | D:10     | Killed Josephine
 12035 | D:10     | Reached skill level 10 in Air Magic
 12232 | D:9      | Found Zoips's Weapon Shoppe.
 12232 | D:9      | Found a staircase to the Orcish Mines.
 12685 | D:9      | Found Isexy's Armour Shoppe.
 12710 | D:9      | Got an ichor-stained war axe {antimagic}
 12802 | D:10     | Found a staircase to the Lair.
 13065 | Lair:1   | Entered Level 1 of the Lair of Beasts
 13079 | Lair:1   | Noticed a six-headed hydra
 13088 | Lair:1   | Killed a six-headed hydra
 13088 | Lair:1   | Reached skill level 11 in Air Magic
 13511 | D:10     | Reached XP level 11. HP: 74/74 MP: 1/21
 13933 | D:10     | Reached skill level 10 in Conjurations
 14573 | Lair:1   | Reached skill level 1 in Fighting
 14677 | Lair:2   | Reached skill level 5 in Dodging
 16407 | Lair:2   | Found a hole to the Spider Nest.
 17313 | Lair:2   | Reached skill level 5 in Stealth
 18031 | Lair:2   | Noticed a catoblepas
 18037 | Lair:2   | Killed a catoblepas
 18233 | Lair:3   | Noticed a seven-headed hydra
 18315 | Lair:3   | Killed a seven-headed hydra
 18331 | Lair:3   | Reached XP level 12. HP: 75/92 MP: 9/22
 18412 | Lair:3   | Found a runed gate.
 18412 | Lair:3   | Found a runed gate.
 18636 | Lair:3   | Reached skill level 5 in Fighting
 18675 | Lair:3   | Noticed a five-headed hydra
 18698 | Lair:3   | Killed a five-headed hydra
 18924 | Lair:4   | Found a shattered altar of Ashenzari.
 19844 | Lair:3   | Reached skill level 10 in Dodging
 20284 | Lair:3   | Noticed Erymatos's ghost (journeyman MiBe)
 20287 | Lair:3   | Found a runed gate.
 20683 | Lair:3   | Found a staircase to the Swamp.
 21018 | Lair:4   | Noticed a four-headed hydra
 21038 | Lair:4   | Killed a four-headed hydra
 21255 | Lair:5   | Noticed Snorg
 21279 | Lair:4   | Noticed a five-headed hydra
 21545 | Lair:6   | Entered Level 6 of the Lair of Beasts
 22141 | Lair:5   | Killed Snorg
 22802 | Lair:4   | Reached XP level 13. HP: 85/104 MP: 2/23
 22861 | Lair:4   | Learned a level 4 spell: Summon Lightning Spire
 26525 | Lair:6   | Found a staircase to the Slime Pits.
 28069 | Lair:6   | Reached skill level 12 in Air Magic
 28108 | Lair:6   | Got a pair of crude boots
 28119 | Lair:6   | Identified the +1 pair of boots of the Iron Devil {rElec} (You found it on level 6 of the Lair of Beasts)
 28131 | Lair:6   | Identified a +0 pair of boots of running (You found it on level 6 of the Lair of Beasts)
 28412 | Orc:1    | Entered Level 1 of the Orcish Mines
 28440 | Orc:2    | Entered Level 2 of the Orcish Mines
 29183 | Orc:2    | Found a roughly hewn altar of Beogh.
 29267 | Orc:2    | Found a staircase to the Elven Halls.
 29311 | Orc:2    | Found a roughly hewn altar of Beogh.
 29489 | Orc:2    | Noticed Urug
 29959 | Orc:2    | Killed Urug
 30146 | Orc:2    | Noticed an orc warlord
 30855 | Orc:2    | Found Miwiosen's Antique Weapon Boutique.
 30897 | Orc:2    | Reached XP level 14. HP: 113/115 MP: 0/24
 31046 | Orc:2    | Found a roughly hewn altar of Beogh.
 31046 | Orc:2    | Found Tiareax's Antique Armour Shop.
 31338 | Orc:2    | Found a roughly hewn altar of Beogh.
 31340 | Orc:2    | Found Jempitt's Gadget Emporium.
 31522 | Orc:2    | Found a roughly hewn altar of Beogh.
 31539 | Orc:2    | Found Lupnar's Gadget Shoppe.
 31660 | Orc:2    | Killed an orc warlord
 32198 | Orc:2    | Found a roughly hewn altar of Beogh.
 32499 | Elf:1    | Entered Level 1 of the Elven Halls
 32923 | Spider:1 | Entered Level 1 of the Spider Nest
 32923 | Spider:1 | Noticed an emperor scorpion
 32925 | Spider:1 | Noticed an emperor scorpion
 32957 | Spider:1 | Killed an emperor scorpion
 33324 | Spider:1 | Killed an emperor scorpion
 33645 | Spider:2 | Noticed an emperor scorpion
 34248 | Spider:1 | Reached skill level 13 in Air Magic
 34273 | Spider:1 | Blown up by an orb spider

Skill      XL: |  1  2  3  4  5  6  7  8  9 10 11 12 13 14 |
---------------+-------------------------------------------+-----
Air Magic      | 3 4 5 7 9 11 12 13 | 13.0
Stealth        | 2 3 4 5 6 8 |  8.1
Dodging        | 2 3 4 8 11 12 | 12.0
Spellcasting   | 2 4 |  4.3
Conjurations   | 1 2 3 6 8 9 10 11 | 11.8
Fighting       | 4 6 8 |  8.2

Action                   |  1- 3 |  4- 6 |  7- 9 | 10-12 | 13-15 || total
-------------------------+-------+-------+-------+-------+-------++-------
Melee: Unarmed           |    65 |       |       |    10 |       ||    75
       Dagger            |    35 |   340 |    23 |       |       ||   398
       Whip              |       |       |   171 |   206 |   382 ||   759
 Cast: Shock             |    42 |   118 |   195 |   326 |   337 ||  1018
       Lightning Bolt    |       |       |    15 |   106 |    93 ||   214
       Airstrike         |       |       |     4 |    22 |     5 ||    31
       Static Discharge  |       |       |       |     8 |     7 ||    15
       Swiftness         |       |       |       |       |     4 ||     4
Evoke: Wand              |       |       |       |     6 |     5 ||    11
  Use: Potion            |       |     3 |       |       |       ||     3
       Scroll            |       |     1 |     9 |     3 |     5 ||    18
 Stab: Sleeping          |    10 |     7 |     2 |     1 |     1 ||    21
  Eat: Chunk             |     5 |    12 |    19 |    46 |    34 ||   116
       Ration            |       |       |     1 |     8 |     8 ||    17
Armor: Robe              |    22 |    26 |    12 |       |       ||    60
       Skin              |       |     5 |     7 |       |       ||    12
       Leather armour    |       |       |    79 |   139 |   126 ||   344
Dodge: Dodged            |    82 |   191 |   283 |   624 |   681 ||  1861
Block: Other             |       |       |    80 |   201 |   193 ||   474
       Reflection        |       |       |     6 |     1 |     4 ||    11
